 Dungeon Crawl Stone Soup version 0.16.2-12-gd0ad4c3 (webtiles) character file.

80 dvd the Insei (level 4, -2/28 HPs)
             Began as an Octopode Transmuter on Oct 3, 2015.
             Slain by a gnoll (8 damage)
             ... on level 2 of the Dungeon.
             The game lasted 00:08:50 (1653 turns).

dvd the Insei (Octopode Transmuter)                 Turns: 1653, Time: 00:08:50

Health: -2/28      AC:  1    Str:  9    XL:     4   Next: 39%
Magic:  7/8        EV: 13    Int: 16    God:
Gold:   44         SH:  0    Dex: 12    Spells: 2 memorised, 3 levels left

rFire  . . .     SeeInvis .       - Unarmed
rCold  . . .     Clarity  .     (no shield)
rNeg   . . .     SustAb   .     (helmet restricted)
rPois  .         Gourm    .     (no amulet)
rElec  .         Spirit   .     (no ring)
rCorr  .         Warding  .     (no ring)
rMut   .         Stasis   .     (no ring)
MR     .....                    (no ring)
Stlth  +++.......               (no ring)
                                (no ring)
                                (no ring)
                                (no ring)

@: appendage, not resistant to hostile enchantments, fairly stealthy
A: almost no armour, amphibious, 8 rings, constrict 8, tentacle spike 3,
camouflage 1, gelatinous body 1
a: End Transformation


You were on level 2 of the Dungeon.
You were hungry.
One of your tentacles had a temporary spike.
You visited 1 branch of the dungeon, and saw 2 of its levels.

You collected 44 gold pieces.

Inventory:

Hand weapons
 g - a +0 mace
Missiles
 b - 12 arrows
Scrolls
 e - a scroll of random uselessness {unknown}
 f - 4 scrolls of identify {unknown}
 h - a scroll of immolation {unknown}
 i - a scroll of magic mapping {unknown}
Potions
 c - a potion of restore abilities {unknown}
Books
 d - a book of Changes

   Spells                             Type                      Level
   a - Beastly Appendage              Transmutation                1
   b - Sticks to Snakes               Transmutation                2
   c - Spider Form                    Transmutation/Poison         3
   d - Ice Form                       Ice/Transmutation            4
   e - Blade Hands                    Transmutation                5
Comestibles
 a - 3 bread rations


   Skills:
 + Level 1.0 Fighting
 + Level 3.0 Dodging
 + Level 2.2 Stealth
 + Level 3.6 Unarmed Combat
 + Level 2.3 Spellcasting
 + Level 2.3 Transmutations


You had 3 spell levels left.
You knew the following spells:

 Your Spells              Type           Power        Failure   Level  Hunger
a - Beastly Appendage     Trmt           #.....       10%         1    #......
b - Spider Form           Trmt/Pois      #.........   38%         3    ###....


Dungeon Overview and Level Annotations

Branches:
Dungeon (2/15)

Altars:
Trog


Innate Abilities, Weirdness & Mutations

You cannot wear most types of armour.
You are amphibious.
You can wear up to eight rings at the same time.
You can use your tentacles to constrict many enemies at once.
Your skin changes colour to match your surroundings (Stealth).
Your rubbery body absorbs attacks (AC +1).
One of your tentacles bears a large vicious spike.


Message History

You closely miss the giant gecko. You grab the giant gecko.
You pierce the giant gecko, but do no damage.
You constrict the giant gecko. The giant gecko barely misses you.
The giant gecko bites you.
* * * LOW HITPOINT WARNING * * *
You tentacle-slap the giant gecko.
The giant gecko is heavily wounded.
You constrict the giant gecko. The giant gecko barely misses you.
You tentacle-slap the giant gecko.
You kill the giant gecko!
Your tentacle spike disappears.
Casting: Beastly Appendage
Confirm with . or Enter, or press ? or * to list all spells.
One of your tentacles grows a vicious spike.
The gnoll closely misses you.
You tentacle-slap the gnoll. You grab the gnoll.
You tentacle-slap the gnoll, but do no damage.
The gnoll is heavily wounded.
You constrict the gnoll. The gnoll hits you!
You die...

.PP#...........'.............'..#
#.##..........##.............##.#
####..........####..#####..####.#
..............##.#..#...#..#.##.#
..............##.#..#P..#..#.##.#
..............##.#..#.P.#..#.##.#
..######.###[.####..#####..####.#
... ###......##.............##.#
....##P#.......'@g...........'..#
....#P.#......##....#####....####
#...#..#...#####....#.P.#....#
#####. #...#..####'#######'###
....#..#......####.#######.#
....#.P#...........).%...).#
....##.#.....#....##########
....####.....#....# ....
#.....#....#


You could see a gnoll.

Vanquished Creatures
  3 gnolls (D:2)
  A giant mite (D:1)
  A worm (D:2)
  A giant gecko (D:2)
  9 bats (D:1)
  A giant cockroach (D:1)
  8 goblins (D:1)
  A hobgoblin (D:2)
  7 jackals (D:1)
  3 kobolds
  A giant newt (D:1)
  9 rats (D:1)
45 creatures vanquished.

Notes
Turn   | Place    | Note
--------------------------------------------------------------
     0 | D:1      | dvd, the Octopode Transmuter, began the quest for the Orb.
     0 | D:1      | Reached XP level 1. HP: 13/13 MP: 3/3
   353 | D:1      | Reached XP level 2. HP: 15/18 MP: 4/4
   530 | D:1      | Reached skill level 1 in Stealth
   759 | D:1      | Reached XP level 3. HP: 11/23 MP: 4/6
   898 | D:1      | Learned a level 3 spell: Spider Form
  1417 | D:2      | Found a bloodstained altar of Trog.
  1613 | D:2      | Reached XP level 4. HP: 28/28 MP: 5/7
  1653 | D:2      | Slain by a gnoll

Action                   |  1- 3 |  4- 6 || total
-------------------------+-------+-------++-------
Melee: Unarmed           |    89 |    13 ||   102
 Cast: Beastly Appendage |    19 |     2 ||    21
 Stab: Sleeping          |     3 |       ||     3
  Eat: Chunk             |     2 |       ||     2
